 Dungeon Crawl Stone Soup version 0.19.1-1-g22dce08 (webtiles) character file.

63 TuxedoFelix the Sneak (level 4, -1/43 HPs)
             Began as an Octopode Assassin on Jan 13, 2017.
             Slain by a gnoll
             ... wielding a +0 club
              (2 damage)
             ... on level 2 of the Dungeon.
             The game lasted 00:14:38 (1766 turns).

TuxedoFelix the Sneak (Octopode Assassin)           Turns: 1766, Time: 00:14:39

Health: -1/43      AC:  1    Str: 16    XL:     4   Next: 10%
Magic:  4/4        EV: 13    Int: 13    God:
Gold:   81         SH:  0    Dex: 13    Spells: 0 memorised, 3 levels left

rFire  . . .     SeeInvis .     q - +0 trident (freeze)
rCold  . . .     Gourm    .     (no shield)
rNeg   . . .     Faith    .     (helmet restricted)
rPois  .         Spirit   .     (no amulet)
rElec  .         Reflect  .     (no ring)
rCorr  .         Harm     .     (no ring)
MR     .....                    (no ring)
Stlth  ..........               (no ring)
                                (no ring)
                                (no ring)
                                (no ring)
                                (no ring)

@: berserking, very quick
A: almost no armour, stealthy swim, amphibious, 8 rings, constrict 8, camouflage
1, gelatinous body 1
a: no special abilities


You were on level 2 of the Dungeon.
You were not hungry.

You visited 1 branch of the dungeon, and saw 2 of its levels.

You collected 81 gold pieces.

Inventory:

Hand Weapons
 a - a +2 dagger
 b - a +0 blowgun
 e - a +0 club
 q - a +0 trident of freezing (weapon)
Missiles
 c - 7 poisoned needles
 d - 3 curare-tipped needles (quivered)
Scrolls
 g - a scroll of immolation {unknown}
 i - a scroll of fog {unknown}
 l - a scroll of recharging {unknown}
 m - a scroll of amnesia
 o - a scroll of random uselessness {unknown}
Potions
 k - a potion of haste {unknown}
 p - a potion of flight {unknown}
 r - a potion of agility {unknown}
Comestibles
 f - a bread ration
 h - 7 chunks of flesh
 n - 5 fruits


   Skills:
 + Level 2.1 Fighting
 + Level 2.0 Short Blades
 + Level 1.2 Maces & Flails
 + Level 0.2 Polearms
 + Level 2.1 Throwing
 + Level 1.4 Dodging
 + Level 6.8 Stealth


You had 3 spell levels left.
You didn't know any spells.

Dungeon Overview and Level Annotations

Branches:
Dungeon (2/15)

Altars:


Innate Abilities, Weirdness & Mutations

You cannot wear most types of armour.
You are very stealthy in the water. (Stealth+)
You are amphibious.
You can wear up to eight rings at the same time.
You can use your tentacles to constrict eight enemies at once.
Your skin changes colour to match your surroundings (Stealth+).
Your rubbery body absorbs attacks. (AC +1, EV +1)


Message History

The gnoll closely misses you. The gnoll barely misses you.
The gnoll barely misses you. The gnoll closely misses you.
The gnoll closely misses you.
There is a stone staircase leading up, spattered with blood here.
The goblin shouts!
The gnoll hits you but does no damage.
It was a potion of berserk rage.
A red film seems to cover your vision as you go berserk!
You feel yourself moving faster!
You feel mighty! The gnoll completely misses you.
The gnoll hits you from afar with a spear.
* * * LOW HITPOINT WARNING * * *
The gnoll hits you from afar with a halberd.
* * * LOW HITPOINT WARNING * * *
You feel a strong urge to attack something.
The gnoll hits you from afar with a spear!
* * * LOW HITPOINT WARNING * * *
The gnoll hits you with a club.
You die...

############
#..........#
#.########.# #.# #.#
#.# #.# #.# ####.##
#.#####.....#
#.....@.##..####
#....gg.##.....
#...gg..##...##..
#............#
##......#....#
#...<.......# ##
#........#..##..###.
###.......(#..........
#(.....#...##.######.#


You could see 3 gnolls and a goblin.

Vanquished Creatures
  4 gnolls (D:2)
  2 worms (D:2)
  A dart slug (D:1)
  A goblin (D:1)
  3 hobgoblins (D:1)
  3 jackals (D:1)
  A ball python (D:1)
  2 bats (D:1)
  2 frilled lizards (D:1)
  A kobold (D:1)
  A rat (D:1)
21 creatures vanquished.

Notes
Turn   | Place    | Note
-------+----------+-------------------------------------------
     0 | D:1      | TuxedoFelix the Octopode Assassin began the quest for the Orb.
     0 | D:1      | Reached XP level 1. HP: 14/14 MP: 1/1
   351 | D:1      | Reached XP level 2. HP: 16/19 MP: 2/2
   412 | D:1      | Reached skill level 6 in Stealth
  1690 | D:2      | Reached XP level 3. HP: 24/24 MP: 3/3
  1714 | D:2      | Reached skill level 1 in Maces & Flails
  1735 | D:2      | Reached XP level 4. HP: 25/29 MP: 4/4
  1766 | D:2      | HP: 1/43 [gnoll/spear (7)]
  1766 | D:2      | Slain by a gnoll

Skill      XL: |  1  2  3 |
---------------+----------+-----
Stealth        | 6 |  6.8
Maces & Flails | 1 |  1.2
Fighting       | |  2.1
Short Blades   | |  2.0
Polearms       | |  0.2
Throwing       | |  2.1
Dodging        | |  1.4

Action                   |  1- 3 |  4- 6 || total
-------------------------+-------+-------++-------
Melee: Club              |    35 |       ||    35
       Constrict         |    17 |       ||    17
       Tentacles         |     9 |       ||     9
       Trident           |     8 |       ||     8
  Use: Potion            |     2 |     1 ||     3
       Scroll            |     1 |       ||     1
  Eat: Bread ration      |     1 |       ||     1
Armor: Skin              |     6 |     2 ||     8
Dodge: Dodged            |    41 |     6 ||    47
